 Dungeon Crawl Stone Soup version 0.31.0-11-ge490571c62 (webtiles) character file.

Game seed: 9092973022636186218

38 qw the Shooter (level 3, 0/20 HPs)
             Began as a Deep Elf Hunter on Feb 3, 2024.
             Slain by a ribbon worm (6 damage)
             ... on level 2 of the Dungeon.
             The game lasted 00:00:03 (895 turns).

qw the Shooter (Deep Elf Hunter)                     Turns: 895, Time: 00:00:03

Health: 0/20       AC:  7    Str: 10    XL:     3   Next: 25%
Magic:  5/5        EV: 12    Int: 13    God:
Gold:   51         SH:  0    Dex: 18    Spells: 2/2 levels left

rFire   . . .        a - +1 shortbow
rCold   . . .        (shield currently unavailable)
rNeg    . . .        c - +0 leather armour
rPois   .            (no helmet)
rElec   .            (no cloak)
rCorr   .            (no gloves)
SInv    .            (no boots)
Will    .....        (no amulet)
Stlth   ++           f - +4 ring of protection
HPRegen 0.23/turn    (no ring)
MPRegen 0.09/turn

%: no passive effects
@: no status effects
A: no striking features
a: no special abilities


You were on level 2 of the Dungeon.
You visited 1 branch of the dungeon, and saw 2 of its levels.

You collected 51 gold pieces.


   Skills:
 - Level 1.5 Fighting
 + Level 6.8 Ranged Weapons
 - Level 2.4 Dodging
 - Level 1.2 Stealth


You had 2 spell levels left.
You didn't know any spells.
Your spell library was empty.

Inventory:

Hand Weapons
 a - a +1 shortbow (weapon)
Armour
 c - a +0 leather armour (worn)
Jewellery
 f - a +4 ring of protection (left hand)
Scrolls
 d - a scroll of identify {unknown}
 h - a scroll of summoning {unknown}
 k - a scroll of enchant armour {unknown}
Potions
 b - a potion of enlightenment {unknown}
 e - 3 potions of attraction {unknown}
 g - 2 potions of might {unknown}
 i - a potion of lignification {unknown}
 j - a potion of brilliance {unknown}

Dungeon Overview and Level Annotations

Branches:
Dungeon (2/15)

Altars:


Message History

You shoot an arrow.
The arrow barely misses the ribbon worm.
The ribbon worm expels a string of sticky webbing.
The stream of webbing hits you but does no damage.
You are caught in a web!
You struggle to detach yourself from the web.
The ribbon worm barely misses you.
You struggle to detach yourself from the web.
The ribbon worm bites you but does no damage.
The web tears apart.
The ribbon worm expels a string of sticky webbing.
The stream of webbing hits you but does no damage.
You are caught in a web!
The web tears apart.
You shoot an arrow. The arrow hits the ribbon worm.
The ribbon worm is heavily wounded.
The ribbon worm bites you!
You shoot an arrow.
The arrow barely misses the ribbon worm.
The ribbon worm bites you but does no damage.
You shoot an arrow.
The arrow barely misses the ribbon worm.
The ribbon worm expels a string of sticky webbing.
The stream of webbing hits you but does no damage.
You are caught in a web!
The web tears apart.
The ribbon worm bites you but does no damage.
You shoot an arrow.
The arrow hits the ribbon worm but does no damage.
The ribbon worm is moderately wounded.
The ribbon worm bites you.
You shoot an arrow. The arrow hits the ribbon worm.
The ribbon worm is heavily wounded.
The ribbon worm bites you!
You shoot an arrow. The arrow hits the ribbon worm.
The ribbon worm is heavily wounded.
You shoot an arrow. The arrow hits the ribbon worm.
The ribbon worm is almost dead.
The ribbon worm bites you.
You die...

#....##.....#
#.#
#.#####....<#
###.#
#.......#####
#...#
#.#######
#.#.#
######...#
####.....#.##
#....###.#.#
#.##.# #...#
#. #@# #.###
.. #.w...# ##
#######


You could see a ribbon worm (catching breath).

Vanquished Creatures
  An adder (D:2)
  4 ball pythons
  3 endoplasms
  2 giant cockroaches (D:2)
  2 hobgoblins (D:1)
  A quokka (D:1)
  2 bats (D:1)
  4 frilled lizards (D:1)
  2 goblins (D:1)
  3 kobolds
  6 rats
30 creatures vanquished.

Notes
Turn   | Place    | Note
-------+----------+-------------------------------------------
     0 | D:1      | qw the Deep Elf Hunter began the quest for the Orb.
     0 | D:1      | Reached XP level 1. HP: 12/12 MP: 3/3
     0 | D:1      | 0 ||| qw: Version: 0.3-a-157-g843a77d
     0 | D:1      | 0 ||| qw: Game counter: 3633
     0 | D:1      | 0 ||| qw: Melee chars always use a shield: true
     0 | D:1      | 0 ||| qw: God list: Okawaru
     0 | D:1      | 0 ||| qw: Allow faded altars: false
     0 | D:1      | 0 ||| qw: Do Orc after clearing Dungeon:15 true
     0 | D:1      | 0 ||| qw: Do second Lair branch before Depths: true
     0 | D:1      | 0 ||| qw: Lair rune preference: random
     0 | D:1      | 0 ||| qw: Goals: Normal
     0 | D:1      | 0 ||| PLANNING D:1-11
    10 | D:1      | 10 ||| DROPPING scroll of butterflies.
   115 | D:1      | Reached skill level 6 in Ranged Weapons
   115 | D:1      | Reached XP level 2. HP: 16/16 MP: 4/4
   340 | D:1      | Found a faded altar of an unknown god.
   535 | D:1      | 535 ||| UPGRADING to +4 ring of protection.
   536 | D:1      | 536 ||| READING scroll labelled NIYPRIWN LOKOLENK.
   537 | D:1      | 537 ||| READING scroll labelled YVVOUP DOINO.
   537 | D:1      | 537 ||| ENCHANTING +0 shortbow.
   691 | D:2      | Reached XP level 3. HP: 20/20 MP: 5/5
   893 | D:2      | HP: 5/20 [ribbon worm (7)]
   895 | D:2      | Slain by a ribbon worm

Levels and vault maps discovered:
D:1:      dpeg_arrival_orchard, layout_loops_cross, serial_glass,
          glass_columns_b, glass_columns_b, item_on_display_a,
          chequers_ecumenical_altar_twisty, minmay_tree_intersection
D:2:      layout_loops_cross, grunt_ministairs_10, columned_hall_lemuel

Skill      XL: |  1 |
---------------+----+-----
Ranged Weapons | 6 |  6.8
Fighting       | |  1.5
Dodging        | |  2.4
Stealth        | |  1.2

Action                     || total
---------------------------++-------
   Fire: Shortbow          ||    69
    Use: Scroll            ||     2
 Armour: Leather armour    ||    16
  Dodge: Dodged            ||    11

Table legend:
 A = Non-vault XP
 B = Vault XP
 C = Vault XP percentage of total XP
 D = Non-vault monster count
 E = Vault monster count
 F = Vault count percentage of total count
                 A         B        C        D         E       F
            +---------+---------+-------+---------+---------+-------
      Total |      52 |       3 |   5.5 |      28 |       2 |   6.7
            +---------+---------+-------+---------+---------+-------
        D:1 |      29 |       0 |   0.0 |      22 |       0 |   0.0
        D:2 |      23 |       3 |  11.5 |       6 |       2 |  25.0
            +---------+---------+-------+---------+---------+-------
